 Dungeon Crawl Stone Soup version 0.28-a0-1447-ga5a8893891 (webtiles) character file.

Game seed: 9079831104436114510

134 AttackTheMoon the Sneak (level 5, -1/36 HPs)
             Began as an Octopode Brigand on Jan 11, 2022.
             Was a Follower of Nemelex Xobeh.
             Slain by an ogre (31 damage)
             ... on level 3 of the Dungeon.
             The game lasted 00:02:40 (3041 turns).

AttackTheMoon the Sneak (Octopode Brigand)          Turns: 3041, Time: 00:02:40

Health: -1/36      AC:  1    Str: 10    XL:     5   Next: 17%
Magic:  6/6        EV: 12    Int: 16    God:    Nemelex Xobeh [*.....]
Gold:   73         SH:  0    Dex: 13    Spells: 5/5 levels left

rFire   . . .      SeeInvis .   a - +2 dagger
rCold   . . .      Faith    .   (no shield)
rNeg    . . .      Spirit   .   (helmet restricted)
rPois   .          Reflect  .   j - amulet of magic regeneration
rElec   .          Harm     .   (no ring)
rCorr   .          Rampage  .   (no ring)
Will    .....                   (no ring)
Stlth   ++++......              (no ring)
HPRegen 0.12/turn               (no ring)
MPRegen 0.50/turn               (no ring)
                                (no ring)
                                (no ring)

@: no status effects
A: almost no armour, amphibious, 8 rings, camouflage 1, gelatinous body 1,
(nimble swimmer 1), tentacles
a: Renounce Religion, Draw Escape, Draw Destruction, Draw Summoning


You were on level 3 of the Dungeon.
You worshipped Nemelex Xobeh.
Nemelex Xobeh was aware of your devotion.
You visited 1 branch of the dungeon, and saw 3 of its levels.

You collected 73 gold pieces.

Inventory:

Hand Weapons
 a - a +2 dagger (weapon)
Missiles
 b - 8 poisoned darts (quivered)
 c - 2 curare-tipped darts
Jewellery
 j - an amulet of magic regeneration (around mantle)
Scrolls
 e - a scroll of noise
 k - a scroll of enchant weapon {unknown}
Potions
 d - a potion of heal wounds {unknown}
 f - 2 potions of attraction
 g - a potion of brilliance {unknown}
 h - a potion of might {unknown}
 i - a potion of haste


   Skills:
 + Level 3.4 Fighting
 + Level 3.4 Short Blades
 - Level 2.0 Throwing
 - Level 1.0 Dodging
 - Level 5.3 Stealth
 - Level 0.7 Spellcasting
 + Level 2.1 Invocations


You had 5 spell levels left.
You didn't know any spells.
Your spell library contained the following spells:

 Spells                   Type           Power      Damage    Failure   Level
 Foxfire                  Conj/Fire      0%         2x1d4     24%         1
 Conjure Flame            Conj/Fire      0%         6-21      56%         3
 Inner Flame              Hex/Fire       0%         N/A       56%         3
 Flame Wave               Conj/Fire      0%         2d4       93%         4


Dungeon Overview and Level Annotations

Branches:
Dungeon (3/15)

Altars:
Nemelex Xobeh

Shops:
D:2 ?:

Annotations:
D:2 Natasha


Innate Abilities, Weirdness & Mutations

You cannot wear most types of armour.
You are amphibious.
You can wear up to eight rings at the same time.
Your skin changes colour to match your surroundings (Stealth+).
Your rubbery body absorbs attacks. (AC +1, EV +1)
((You are camouflaged when in or above water. (Stealth+)))
You have tentacles for arms and can constrict up to eight enemies at once.


Message History

A rat is nearby!
A rat is nearby!
You hit the rat. Your grab misses the rat.
The rat is heavily wounded.
The rat misses you.
You closely miss the rat. Your grab misses the rat.
Your squeeze misses the rat.
The rat is heavily wounded.
The rat closely misses you.
You hit the rat.
You kill the rat!
No target in view!
No target in view!
No target in view!
No target in view!
No target in view!
No target in view!
No target in view!
No target in view!
No target in view!
No target in view!
No target in view!
Found a scroll labelled QOETHR SECW.
Things that are here:
a +0 leather armour; 23 stones
k - a scroll labelled QOETHR SECW An ogre comes into view.
It is wielding a +0 giant spiked club.
Found a bubbling golden potion.
The ogre shouts!
You hit the ogre. You squeeze the ogre!
The ogre is heavily wounded.
You hit the ogre but do no damage.
The ogre is heavily wounded.
The ogre hits you with a +0 giant spiked club.
You barely miss the ogre. Your squeeze misses the ogre.
The ogre is heavily wounded.
The ogre hits you with a +0 giant spiked club!!
Ouch! That really hurt!
You die...
Your body disappears without a glow.

#.#.# #...............
###...####
#.....#.........
#......[.#
#...(.#.....#.##
#..#.#.#.#
#########...#.##
#..#.#.#.# ### ##.##.##
#..#<..#.# ... #.##.##
#..##..#.###.### #.##.##
..##..#.#.O!..###.##......
........#@###.............
####...........##.####.###
######......## #.###
#........ ###.##.
###.##### #...... ...
#.#.... #### #.##<..
#.##.## #.##.##


You could see an ogre.

Vanquished Creatures
  Natasha (twice) (D:2)
  4 adders (D:2)
  A worm (D:2)
  3 dart slugs
  3 ball pythons
  2 endoplasms (D:2)
  5 giant cockroaches
  4 goblins
  3 hobgoblins (D:2)
  2 jackals (D:1)
  3 kobolds
  2 quokkas
  A bat (D:1)
  2 frilled lizards
  6 rats
43 creatures vanquished.

Notes
Turn   | Place    | Note
-------+----------+-------------------------------------------
     0 | D:1      | AttackTheMoon the Octopode Brigand began the quest for the
                  | Orb.
     0 | D:1      | Reached XP level 1. HP: 14/14 MP: 1/1
    48 | D:1      | Reached XP level 2. HP: 18/19 MP: 1/3
   598 | D:1      | Found a faded altar of an unknown god.
   861 | D:1      | Prayed at the altar of an unknown god.
   861 | D:1      | Became a worshipper of Nemelex Xobeh the Trickster
   861 | D:1      | Reached * piety under Nemelex Xobeh
   861 | D:1      | Received a gift from Nemelex Xobeh
   900 | D:2      | Reached XP level 3. HP: 23/25 MP: 4/4
   933 | D:2      | Found Ecomad's Magic Scroll Shop.
  1325 | D:2      | HP: 1/25 [poisoned by an adder]
  1852 | D:2      | Found Xeul Duobb's Book Emporium.
  1865 | D:2      | Noticed Natasha
  1872 | D:2      | Killed Natasha
  1873 | D:2      | Reached skill level 1 in Invocations
  1873 | D:2      | Reached XP level 4. HP: 31/31 MP: 5/5
  2178 | D:2      | Noticed Natasha
  2188 | D:2      | Killed Natasha
  2189 | D:2      | Reached XP level 5. HP: 13/36 MP: 6/6
  2844 | D:2      | Noticed Natasha
  3036 | D:3      | Noticed an ogre
  3041 | D:3      | Slain by an ogre

Illustrated notes

Levels and vault maps discovered:
D:1:      dpeg_arrival_line_fractal, layout_basic,
          dreamdust_ecumenical_altar_hidden_monk_grotto
D:2:      layout_basic, serial_shops, nicolae_shop_trees, shop, uniq_natasha
D:3:      layout_loops_cross

Skill      XL: |  1  2  3  4 |
---------------+-------------+-----
Fighting       | 3 |  3.4
Short Blades   | 3 |  3.4
Invocations    | 1 2 |  2.1
Throwing       | |  2.0
Dodging        | |  1.0
Stealth        | |  5.3
Spellcasting   | |  0.7

Action                   |  1- 3 |  4- 6 || total
-------------------------+-------+-------++-------
Melee: Dagger            |    52 |    37 ||    89
       Constrict         |    14 |     6 ||    20
       Tentacles         |     8 |    11 ||    19
       Punch             |     1 |       ||     1
Throw: Dart              |       |     1 ||     1
Invok: Draw Destruction  |       |     2 ||     2
  Use: Scroll            |     3 |     2 ||     5
 Stab: Sleeping          |     6 |     5 ||    11
Armor: Skin              |     3 |     1 ||     4
Dodge: Dodged            |    25 |    19 ||    44

Table legend: (Time is in decaauts)
 A = Elapsed time spent in this place.
 B = Non-inter-level travel time spent in this place.
 C = Inter-level travel time spent in this place.
 D = Time resting spent in this place.
 E = Time spent auto-exploring this place.
 F = Levels seen in this place.
 G = Mean time per level.
                   A        B        C        D        E       F      G
               +--------+--------+--------+--------+--------+-----+--------+
         Total |   3028 |   2938 |     90 |    956 |   1661 |   3 | 1009.3 |
       Dungeon |   3028 |   2938 |     90 |    956 |   1661 |   3 | 1009.3 |
               +--------+--------+--------+--------+--------+-----+--------+

Top non-repeatable levels by time:
     D:2: 1955 daAuts
     D:1: 886 daAuts
     D:3: 186 daAuts
